 Dungeon Crawl Stone Soup version 0.13-a0-1804-g486adc7 (webtiles) character file.

274 Bruce the Firebug (level 4, -5/35 HPs)
             Began as a Djinni Fire Elementalist on June 25, 2013.
             Killed from afar by Bruce's ghost (11 damage)
             ... with a stone arrow
             ... on Level 3 of the Dungeon.
             The game lasted 00:03:53 (1595 turns).

Bruce the Firebug (Djinni Fire Elementalist)        Turns: 1595, Time: 00:03:53

HP  -5/35        AC  3     Str  8      XL: 4   Next: 59%
MP   0/0         EV 12     Int 18      God:
Gold 165         SH  0     Dex 14      Spells:  3 memorised,  1 level left

Res.Fire  : + + +   See Invis. : .   d - +3,+0 dagger (vamp)
Res.Cold  : x . .   Warding    : .   a - +0 robe
Life Prot.: + + +   Conserve   : .   (no shield)
Res.Poison: .       Res.Corr.  : .   (no helmet)
Res.Elec. : .       Clarity    : .   (no cloak)
Sust.Abil.: . .     Spirit.Shd : .   i - +0 pair of gauntlets
Res.Mut.  : .       Stasis     : .   (boots unavailable)
Res.Rott. : .       Flight     : .   k - amulet of faith {unknown}
Saprovore : . . .                    (no ring)
                                     f - +2 ring of intelligence

@: very slightly contaminated, slightly resistant to hostile enchantments,
unstealthy
A: no striking features
a: no special abilities


You were on level 3 of the Dungeon.
You were not hungry.

You visited 1 branch of the dungeon, and saw 3 of its levels.

You collected 145 gold pieces.

Inventory:

Hand weapons
 d - a +3,+0 vampiric dagger (weapon)
Armour
 a - a +0 robe (worn)
 i - a +0 pair of gauntlets (worn)
Scrolls
 e - 2 scrolls of teleportation {unknown}
 g - a scroll of fog {unknown}
 l - a scroll of enchant weapon I {unknown}
 m - a scroll of fear {unknown}
 n - a scroll of recharging {unknown}
Jewellery
 f - a +2 ring of intelligence (left hand)
 k - an amulet of faith (around neck) {unknown}
Potions
 c - a potion of curing {unknown}
 h - a potion of poison {unknown}
 j - a potion of resistance {unknown}
Books
 b - a book of Flames

   Spells                             Type                      Level
   *Flame Tongue                      Conjuration/Fire             1
   *Throw Flame                       Conjuration/Fire             2
   *Conjure Flame                     Conjuration/Fire             3
   Inner Flame                        Hexes/Fire                   3
   Sticky Flame                       Conjuration/Fire             4
   Fireball                           Conjuration/Fire             5


   Skills:
 - Level 1.7 Dodging
 - Level 1.5 Stealth
 + Level 2.4 Spellcasting
 + Level 2.5 Conjurations
 * Level 5.9 Fire Magic


You had one spell level left.
You knew the following spells:

 Your Spells              Type           Power        Failure   Level  Hunger
a - Flame Tongue          Conj/Fire      ###..        3%          1    #......
b - Throw Flame           Conj/Fire      ###...       6%          2    ##.....
c - Conjure Flame         Conj/Fire      ###.....     12%         3    ###....


Dungeon Overview and Level Annotations

Branches:
Dungeon (3/27)

Altars:
Ashenzari

Annotations
D:3 Bruce's ghost, average GrEE


Message History

Found 16 bolts.
Your magical contamination has completely faded away.
Things that are here:
an orcish dagger; an orc corpse You see here an orc corpse.
Things that are here:
an orcish club; an orc corpse
Things that are here:
an orcish hammer; an orcish leather armour You start resting.
Casting: Flame Tongue
Confirm with . or Enter, or press ? or * to list all spells.
Aiming: Conjure Flame
Press: ? - help, Dir - move target cursor The fire roars!
You are very lightly contaminated with residual magic.
Bruce's ghost is nearby!
Bruce's ghost points at you and mumbles some strange words.
The stone arrow hits you!
You die...

. ###.## .#######p####
#........)...#
#.#####.)##.# ### #.#
#..##.# #.. #.#
#...#.# #.# #.#
#.#.#.# #.#
#.##.#####.#.#.# #.#
#...@.ยง..p.#.#.####.#
#.##.####....#......#
...# ..#..########
...... ##...## ##.####
##.## #. .. # #.. .#


You could see Bruce's ghost.

Vanquished Creatures
  Ijyb (D:2)
  A jelly (D:3)
  2 adders (D:2)
  A giant gecko (D:3)
  4 orcs (D:3)
  3 giant cockroaches
  3 goblins
  4 hobgoblins
  8 jackals
  4 kobolds
  2 ball pythons
  9 bats
  2 giant newts
  7 rats
51 creatures vanquished.

Notes
Turn   | Place    | Note
--------------------------------------------------------------
     0 | D:1      | Bruce, the Djinni Fire Elementalist, began the quest for the Orb.
     0 | D:1      | Reached XP level 1. HP: 14/14 MP: 0/0
   235 | D:1      | Reached XP level 2. EP: 16/21
   243 | D:1      | Learned a level 2 spell: Throw Flame
   751 | D:2      | Found a shattered altar of Ashenzari.
   772 | D:2      | Reached XP level 3. EP: 16/27
   841 | D:2      | Noticed Ijyb
   855 | D:2      | Killed Ijyb
   855 | D:2      | Reached skill level 5 in Fire Magic
   961 | D:2      | Learned a level 3 spell: Conjure Flame
  1211 | D:2      | Reached XP level 4. EP: 20/35
  1524 | D:3      | Noticed Bruce's ghost (average GrEE)
  1595 | D:3      | Killed from afar by Bruce's ghost

Action                   |  1- 3 |  4- 6 || total
-------------------------+-------+-------++-------
Melee: Dagger            |    15 |       ||    15
 Cast: Flame Tongue      |    67 |    29 ||    96
       Conjure Flame     |       |     5 ||     5
